Map: Redshift LE

Players

MarioMM - Winner!

  • Race: Terran Terran
  • League: Diamond
  • Spawn Location: 11:00

CAPITANPODER

  • Race: Protoss Protoss
  • League: Diamond
  • Spawn Location: 7:00

VOD

Have the link to the VOD?

Description

Time

  • Played on: July 11, 2018, 2 a.m.
  • Length: 8:58
Show
View Real Time Build Order
Export as new Build Order

MarioMM Terran - Winner!

Build Orders: Cyclone Opening, MMM Bio 

Get SALT Encoding   

  12  0:00  SCV  
  13  0:13  SCV  
  14  0:18  Supply Depot  
  14  0:25  SCV  
  15  0:29  Refinery  
  15  0:40  SCV  
  16  0:47  Barracks  
  16  0:53  SCV  
  17  1:05  SCV  
  18  1:17  SCV  
  19  1:28  Supply Depot  
  19  1:29  SCV  
  20  1:35  Reaper  
  21  1:43  Orbital Command  
  21  1:52  Factory  
  21  2:02  Bunker  
  22  2:14  SCV  
  22  2:17  Barracks Reactor  
  22  2:26  SCV  
  23  2:38  Factory Reactor  
  23  2:42  Command Center  
  23  2:51  SCV  
  23  2:52  Cyclone  
  23  2:53  Marine x2  
  29  3:08  SCV  
  30  3:13  Marine  
  30  3:17  Supply Depot  
  31  3:38  SCV, Marine, Factory Tech Lab  
  33  3:44  Barracks  
  33  3:45  Engineering Bay  
  33  3:47  Refinery  
  33  3:48  Engineering Bay  
  33  3:50  SCV  
  35  4:00  Refinery  
  35  4:02  SCV  
  35  4:03  Siege Tank, Marine x2  
  40  4:14  SCV  
  41  4:18  Terran Infantry Weapons Level 1  
  41  4:20  Marine  
  41  4:23  Barracks  
  42  4:26  SCV  
  42  4:27  SCV  
  44  4:31  Marine  
  44  4:33  Barracks Tech Lab  
  44  4:37  Terran Infantry Armor Level 1  
  46  4:39  SCV  
  46  4:43  Orbital Command  
  46  4:47  Marine  
  46  4:51  SCV  
  46  4:52  Siege Tank  
  51  4:57  Marauder  
  53  5:03  SCV  
  54  5:10  Missile Turret  
  54  5:15  Barracks Reactor  
  54  5:19  Supply Depot  
  54  5:20  Supply Depot  
  54  5:26  SCV x2, Marine, Starport  
  57  5:30  Stimpack  
  57  5:32  Marine  
  58  5:43  Marine, Marauder  
  58  5:47  Siege Tank  
  64  5:50  Supply Depot  
  64  6:02  Marine x2  
  67  6:11  SCV x2  
  68  6:12  Barracks  
  68  6:13  Medivac  
  68  6:15  Medivac, Barracks Reactor  
  56  7:09  Bunker  
  56  7:12  Marine x2, Marauder  
  56  7:13  Siege Tank, Medivac x2  
  67  7:21  Bunker  
  65  7:24  Marine x2  
  65  7:27  Barracks Reactor  
  65  7:29  Barracks  
  67  7:32  Armory  
  67  7:34  Combat Shields, Marauder  
  68  7:48  Marine x4  
  68  7:49  Medivac  
  74  7:55  Marauder  
  76  8:06  Marine  
  73  8:20  Marine  
  73  8:21  Marine x3, Marauder  
  73  8:22  Siege Tank  
  73  8:23  Medivac  
  73  8:27  Supply Depot  
  84  8:30  Barracks Reactor  
  84  8:40  Supply Depot  
  79  8:41  Supply Depot  
  79  8:48  Supply Depot  
Show
View Real Time Build Order
Export as new Build Order

CAPITANPODER Protoss 

Build Orders:  

Get SALT Encoding   

  12  0:01  Probe  
  13  0:13  Probe  
  14  0:17  Pylon  
  14  0:25  Probe  
  15  0:37  Probe  
  15  0:41  Gateway  
  16  0:46  Probe  
  16  0:47  Assimilator  
  17  0:55  Probe  
  17  1:04  Probe  
  18  1:09  Assimilator  
  19  1:16  Probe  
  20  1:35  Cybernetics Core, Probe  
  21  1:41  Assimilator  
  21  1:45  Pylon  
  21  1:47  Probe  
  22  1:59  Probe  
  23  2:09  Stalker  
  23  2:19  Nexus  
  25  2:26  Pylon  
  24  2:59  Warp Gate  
  24  3:00  Probe  
  25  3:15  Robotics Facility  
  25  3:16  Probe  
  26  3:22  Twilight Council  
  26  3:27  Pylon  
  26  3:28  Probe  
  26  3:31  Stalker  
  29  3:38  Probe  
  29  3:40  Probe  
  31  3:52  Gateway  
  31  3:54  Forge  
  31  3:57  Observer  
  31  4:00  Probe x2  
  31  4:01  Templar Archives  
  34  4:12  Probe x2  
  36  4:19  Observer  
  37  4:24  Probe x2  
  39  4:32  Assimilator  
  39  4:34  Assimilator  
  39  4:36  Probe x2  
  41  4:40  Observer  
  42  4:46  Gateway  
  42  4:47  Gateway  
  42  4:48  Probe  
  42  4:49  Probe  
  44  4:53  Gateway  
  44  5:00  Pylon, Probe  
  45  5:25  Psionic Storm, Probe x2  
  45  5:26  Protoss Ground Weapons Level 1  
  47  5:33  Charge  
  47  5:37  Probe x2  
  49  5:49  Probe x2  
  51  5:53  Pylon  
  51  5:59  Immortal  
  51  6:01  Zealot x2  
  59  6:13  Stalker  
  59  6:14  Stalker  
  63  6:18  Pylon  
  63  6:21  Gateway  
  63  6:22  Gateway  
  63  6:24  Zealot x3, Gateway  
  69  6:36  Pylon  
  69  6:40  Pylon  
  69  6:43  Zealot  
  69  6:44  Zealot x4  
  69  6:46  Immortal  
  57  7:04  Stalker x2  
  57  7:05  Stalker x2  
  57  7:06  Stalker  
  56  7:16  Immortal  
  48  7:31  Stalker x2  
  48  7:32  Stalker  
  49  7:49  Stalker  
  49  7:50  Stalker x2  
  51  7:52  Probe x2  
  47  8:18  Stalker x4  
  45  8:21  Stalker  
  43  8:42  Stalker x3  
  43  8:44  Stalker  
Tags
 
Composition
MMM Bio
Matchup
PvT
Replay Pack
replaypack1
Spawn Locations
Close Positions
Add a new tag
Caveats
  • Supply blocks, unpowered buildings, or Contaminate may cause inaccurate times.
  • Supply counts are checked every 10 seconds.